General information
- name: BNet
- type: Ladder team game (AT/RT)
- host: Battle.net
- saver: Ze.Rath3isaFaig
map: MarketSquare
- players: 8
- length: 26:06
- speed: Fast
- version: 1.24 W3XP
- replay type: Public
» download(217 KB)
Players
team 1 (winner)
Ze.Rath3isaFaig (
pink | 87 APM | 2278 actions | 26:06)
6 Death Knight
3 Death Coil
2 Unholy Aura
1 Animate Dead
6 Dark Ranger
2 Black Arrow
3 Silence
1 Charm
» actions
| Assign group hotkey | 21 | |
| Basic commands | 525 | |
| Build / train | 64 | |
| ESC pressed | 2 | |
| Enter build submenu | 22 | |
| Enter hero's abilities submenu | 13 | |
| Give item / drop item | 3 | |
| Right click | 715 | |
| Select / deselect | 407 | |
| Select group hotkey | 415 | |
| Use ability | 91 | |
2278 total
» units
| Acolyte | 2 | |
| Ghoul | 6 | |
| Crypt Fiend | 7 | |
| Obsidian Statue | 2 | |
| Frost Wyrm | 4 | |
21 total
» upgrades
| Creature Attack | 3 | |
| Creature Carapace | 3 | |
| Web | 1 | |
7 total
» buildings
| Graveyard | 1 | |
| Crypt | 1 | |
| Ziggurat | 7 | |
| Altar of Darkness | 1 | |
| Tomb of Relics | 1 | |
| Halls of the Dead | 2 | |
| Black Citadel | 1 | |
| Slaughterhouse | 1 | |
| Sacrificial Pit | 1 | |
| Boneyard | 2 | |
18 total
» build order
01:48 Graveyard
02:17 Crypt
03:10 Ziggurat
03:13 Altar of Darkness
03:59 Ziggurat
04:58 Tomb of Relics
06:22 Halls of the Dead
08:15 Ziggurat
08:54 Ziggurat
10:46 Black Citadel
13:02 Slaughterhouse
13:04 Sacrificial Pit
14:54 Boneyard
14:57 Boneyard
16:09 Ziggurat
16:12 Ziggurat
21:13 Ziggurat
» items
| Rod of Necromancy | 1 | |
| Potion of Healing | 2 | |
| Scroll of Town Portal | 1 | |
| Orb of Corruption | 1 | |
| Scroll of Healing | 1 | |
| Potion of Mana | 1 | |
| Scroll of Protection | 2 | |
| Potion of Lesser Invulnerability | 1 | |
| Boots of Speed | 1 | |
11 total

»
Shenmue (
red | 52 APM | 1355 actions | 26:04)
6 Death Knight
3 Death Coil
2 Unholy Aura
1 Animate Dead
6 Dark Ranger
2 Black Arrow
3 Silence
1 Charm
» actions
| Assign group hotkey | 102 | |
| Basic commands | 16 | |
| Build / train | 64 | |
| ESC pressed | 1 | |
| Enter build submenu | 15 | |
| Enter hero's abilities submenu | 12 | |
| Right click | 675 | |
| Select / deselect | 258 | |
| Select group hotkey | 152 | |
| Use ability | 60 | |
1355 total
» units
» upgrades
| Creature Attack | 3 | |
| Creature Carapace | 3 | |
6 total
» buildings
| Crypt | 3 | |
| Ziggurat | 5 | |
| Altar of Darkness | 1 | |
| Graveyard | 1 | |
| Tomb of Relics | 1 | |
| Halls of the Dead | 1 | |
| Black Citadel | 1 | |
| Sacrificial Pit | 1 | |
14 total
» build order
00:12 Crypt
00:15 Ziggurat
00:35 Crypt
01:04 Altar of Darkness
01:34 Graveyard
03:16 Tomb of Relics
03:22 Ziggurat
04:31 Halls of the Dead
05:08 Ziggurat
06:41 Ziggurat
06:44 Crypt
11:10 Ziggurat
15:01 Black Citadel
16:12 Sacrificial Pit
» items
| Rod of Necromancy | 3 | |
| Scroll of Town Portal | 2 | |
| Potion of Lesser Invulnerability | 1 | |
6 total

»
HOTPEPPER (
yellow | 77 APM | 1999 actions | 26:04)
6 Goblin Tinker
3 Pocket Factory
2 Engineering Upgrade
1 Robo-Goblin
4 Firelord
2 Summon Lava Spawn
2 Incinerate
» actions
| Assign group hotkey | 34 | |
| Build / train | 88 | |
| Enter build submenu | 26 | |
| Enter hero's abilities submenu | 11 | |
| Remove unit from queue | 1 | |
| Right click | 843 | |
| Select / deselect | 295 | |
| Select group hotkey | 618 | |
| Use ability | 83 | |
1999 total
» units
| Peasant | 22 | |
| Rifleman | 15 | |
| Priest | 9 | |
46 total
» upgrades
| Masonry | 1 | |
| Gunpowder | 2 | |
| Priest Training | 2 | |
| Long Rifles | 1 | |
| Armor | 1 | |
7 total
» buildings
| Lumber Mill | 1 | |
| Scout Tower | 12 | |
| Guard Tower | 12 | |
| Altar of Kings | 1 | |
| Farm | 12 | |
| Arcane Vault | 2 | |
| Blacksmith | 1 | |
| Barracks | 3 | |
| Keep | 2 | |
| Arcane Tower | 1 | |
| Arcane Sanctum | 1 | |
| Castle | 1 | |
| Town Hall | 1 | |
50 total
» build order
00:22 Lumber Mill
01:05 Scout Tower
01:10 Scout Tower
01:13 Scout Tower
01:28 Guard Tower
01:36 Scout Tower
01:37 Scout Tower
01:39 Guard Tower
01:49 Guard Tower
01:49 Guard Tower
02:03 Guard Tower
02:11 Guard Tower
02:46 Altar of Kings
02:48 Farm
03:28 Farm
05:08 Scout Tower
05:09 Scout Tower
05:10 Scout Tower
05:14 Scout Tower
05:15 Scout Tower
05:25 Arcane Vault
05:38 Guard Tower
06:25 Guard Tower
06:25 Guard Tower
07:13 Blacksmith
07:15 Barracks
07:18 Barracks
07:21 Barracks
07:34 Arcane Vault
07:43 Scout Tower
07:49 Scout Tower
08:08 Keep
08:11 Arcane Tower
08:33 Farm
08:37 Farm
08:40 Farm
08:46 Guard Tower
08:47 Guard Tower
09:15 Farm
09:16 Farm
11:20 Arcane Sanctum
12:12 Farm
12:15 Farm
12:21 Castle
20:30 Farm
20:30 Farm
20:32 Farm
22:40 Town Hall
» items
| Scroll of Regeneration | 2 | |
| Lesser Clarity Potion | 2 | |
| Scroll of Town Portal | 1 | |
| Potion of Healing | 1 | |
6 total

»
pdhwl1 (
green | 48 APM | 1239 actions | 26:04)
7 Archmage
2 Blizzard
1 Brilliance Aura
3 Summon Water Elemental
1 Mass Teleport
» actions
| Assign group hotkey | 152 | |
| Basic commands | 138 | |
| Build / train | 72 | |
| Enter build submenu | 14 | |
| Enter hero's abilities submenu | 7 | |
| Right click | 428 | |
| Select / deselect | 283 | |
| Select group hotkey | 66 | |
| Use ability | 79 | |
1239 total
» units
| Peasant | 9 | |
| Footman | 12 | |
| Knight | 13 | |
| Priest | 5 | |
| Spell Breaker | 3 | |
42 total
» upgrades
| Defend | 1 | |
| Swords | 3 | |
| Plating | 3 | |
| Lumber Harvesting | 1 | |
| Masonry | 1 | |
| Animal War Training | 1 | |
| Priest Training | 2 | |
| Magic Sentry | 1 | |
| Gunpowder | 2 | |
| Control Magic | 1 | |
16 total
» buildings
| Altar of Kings | 1 | |
| Farm | 13 | |
| Barracks | 2 | |
| Arcane Vault | 1 | |
| Keep | 1 | |
| Blacksmith | 1 | |
| Scout Tower | 3 | |
| Castle | 1 | |
| Arcane Tower | 1 | |
| Lumber Mill | 1 | |
| Guard Tower | 1 | |
| Arcane Sanctum | 1 | |
| Town Hall | 1 | |
28 total
» build order
00:11 Altar of Kings
00:21 Farm
00:22 Farm
00:26 Farm
01:24 Barracks
01:55 Barracks
02:14 Farm
02:18 Farm
02:19 Farm
02:19 Farm
05:01 Arcane Vault
06:03 Keep
06:14 Blacksmith
10:08 Scout Tower
10:09 Scout Tower
10:10 Scout Tower
10:24 Castle
10:52 Arcane Tower
10:56 Lumber Mill
12:11 Guard Tower
12:58 Arcane Sanctum
13:04 Farm
13:05 Farm
13:06 Farm
13:06 Farm
13:08 Farm
13:09 Farm
24:05 Town Hall
» items
team 2 (loser)
mini.guy (
blue | 118 APM | 3083 actions | 26:04)
5 Tauren Chieftain
2 Shockwave
3 Endurance Aura
3 Shadow Hunter
2 Healing Wave
1 Serpent Ward
» actions
| Assign group hotkey | 35 | |
| Basic commands | 250 | |
| Build / train | 89 | |
| ESC pressed | 1 | |
| Enter build submenu | 21 | |
| Enter hero's abilities submenu | 8 | |
| Give item / drop item | 1 | |
| Right click | 882 | |
| Select / deselect | 357 | |
| Select group hotkey | 1338 | |
| Use ability | 101 | |
3083 total
» units
| Peon | 11 | |
| Grunt | 7 | |
| Demolisher | 3 | |
| Troll Headhunter/Berserker | 2 | |
| Troll Witch Doctor | 3 | |
| Shaman | 3 | |
| Troll Batrider | 8 | |
37 total
» upgrades
| Pillage | 1 | |
| Armor | 1 | |
| Melee Weapons | 1 | |
| Spiked Barricades | 2 | |
| Berserker Strength | 1 | |
| Troll Regeneration | 1 | |
| Ranged Weapons | 2 | |
| Witch Doctor Training | 2 | |
| Shaman Training | 2 | |
| Reinforced Defenses | 1 | |
| Berserker Upgrade | 1 | |
| Burning Oil | 1 | |
| Ensnare | 1 | |
17 total
» buildings
| Orc Burrow | 6 | |
| Altar of Storms | 1 | |
| Barracks | 2 | |
| War Mill | 1 | |
| Stronghold | 1 | |
| Watch Tower | 2 | |
| Voodoo Lounge | 1 | |
| Spirit Lodge | 2 | |
| Fortress | 2 | |
| Beastiary | 3 | |
21 total
» build order
00:16 Orc Burrow
00:49 Altar of Storms
01:06 Barracks
01:23 Orc Burrow
02:49 War Mill
03:31 Barracks
05:14 Orc Burrow
06:01 Orc Burrow
06:47 Stronghold
07:11 Watch Tower
07:13 Watch Tower
08:49 Voodoo Lounge
09:46 Orc Burrow
09:48 Spirit Lodge
09:56 Spirit Lodge
11:07 Orc Burrow
13:06 Fortress
13:06 Fortress
16:13 Beastiary
16:15 Beastiary
16:19 Beastiary
» items
| Scroll of Healing | 1 | |
| Scroll of Protection | 1 | |
| Lesser Clarity Potion | 2 | |
| Healing Salve | 2 | |
| Potion of Healing | 3 | |
| Scroll of Speed | 1 | |
| Potion of Mana | 1 | |
| Scroll of Town Portal | 2 | |
13 total
aurasnow (
teal | 56 APM | 1437 actions | 25:45)
5 Priestess of the Moon
2 Searing Arrows
3 Trueshot Aura
» actions
| Assign group hotkey | 37 | |
| Build / train | 92 | |
| ESC pressed | 16 | |
| Enter build submenu | 21 | |
| Enter hero's abilities submenu | 5 | |
| Right click | 457 | |
| Select / deselect | 423 | |
| Select group hotkey | 321 | |
| Use ability | 65 | |
1437 total
» units
| Wisp | 33 | |
| Archer | 23 | |
| Druid of the Talon | 14 | |
| Faerie Dragon | 1 | |
| Glaive Thrower | 1 | |
72 total
» upgrades
| Improved Bows | 1 | |
| Strength of the Wild | 2 | |
| Ultravision | 2 | |
| Strength of the Moon | 2 | |
| Druid of the Talon Training | 2 | |
9 total
» buildings
| Altar of Elders | 1 | |
| Moon Well | 6 | |
| Ancient of War | 5 | |
| Tree of Ages | 2 | |
| Hunter's Hall | 1 | |
| Ancient Protector | 4 | |
| Ancient of Wonders | 1 | |
| Ancient of Wind | 1 | |
21 total
» build order
00:07 Altar of Elders
00:08 Moon Well
01:29 Ancient of War
01:32 Ancient of War
01:49 Ancient of War
02:15 Moon Well
02:28 Moon Well
03:36 Ancient of War
03:36 Ancient of War
05:33 Moon Well
06:37 Tree of Ages
07:24 Hunter's Hall
07:42 Tree of Ages
08:37 Ancient Protector
08:39 Ancient Protector
09:36 Ancient of Wonders
09:45 Ancient Protector
09:51 Moon Well
10:51 Ancient of Wind
13:05 Ancient Protector
15:37 Moon Well
» items
xenakis (
orange | 61 APM | 1577 actions | 25:40)
4 Dark Ranger
2 Black Arrow
2 Silence
» actions
| Assign group hotkey | 36 | |
| Basic commands | 163 | |
| Build / train | 63 | |
| ESC pressed | 2 | |
| Enter build submenu | 16 | |
| Enter hero's abilities submenu | 4 | |
| Right click | 575 | |
| Select / deselect | 355 | |
| Select group hotkey | 303 | |
| Use ability | 60 | |
1577 total
» units
| Wisp | 15 | |
| Archer | 10 | |
| Huntress | 2 | |
| Druid of the Claw | 15 | |
| Dryad | 6 | |
48 total
» upgrades
| Improved Bows | 1 | |
| Druid of the Claw Training | 2 | |
| Mark of the Claw | 1 | |
| Abolish Magic | 1 | |
5 total
» buildings
| Moon Well | 6 | |
| Altar of Elders | 1 | |
| Ancient of War | 2 | |
| Tree of Ages | 1 | |
| Hunter's Hall | 1 | |
| Ancient of Wonders | 1 | |
| Tree of Eternity | 1 | |
| Ancient of Lore | 2 | |
| Ancient Protector | 2 | |
17 total
» build order
00:21 Moon Well
01:02 Altar of Elders
01:04 Ancient of War
01:32 Moon Well
01:50 Ancient of War
04:09 Moon Well
05:17 Moon Well
05:34 Tree of Ages
05:39 Hunter's Hall
06:50 Ancient of Wonders
09:27 Tree of Eternity
09:33 Ancient of Lore
09:42 Ancient of Lore
11:17 Ancient Protector
11:25 Ancient Protector
21:59 Moon Well
21:59 Moon Well
» items
NOias (
purple | 52 APM | 1366 actions | 26:01)
5 Death Knight
3 Death Coil
2 Unholy Aura
4 Lich
2 Frost Nova
2 Frost Armor
» actions
| Assign group hotkey | 136 | |
| Build / train | 61 | |
| ESC pressed | 2 | |
| Enter build submenu | 28 | |
| Enter hero's abilities submenu | 9 | |
| Give item / drop item | 1 | |
| Right click | 592 | |
| Select / deselect | 324 | |
| Select group hotkey | 132 | |
| Use ability | 81 | |
1366 total
» units
| Acolyte | 4 | |
| Ghoul | 6 | |
| Crypt Fiend | 8 | |
| Obsidian Statue | 2 | |
| Frost Wyrm | 7 | |
27 total
» upgrades
| Creature Attack | 2 | |
| Web | 1 | |
| Destroyer Form | 1 | |
| Creature Carapace | 3 | |
7 total
» buildings
| Crypt | 2 | |
| Graveyard | 1 | |
| Altar of Darkness | 1 | |
| Ziggurat | 7 | |
| Tomb of Relics | 1 | |
| Halls of the Dead | 1 | |
| Spirit Tower | 3 | |
| Slaughterhouse | 1 | |
| Black Citadel | 1 | |
| Sacrificial Pit | 1 | |
| Boneyard | 1 | |
| Necropolis | 1 | |
21 total
» build order
00:07 Crypt
00:09 Graveyard
01:07 Altar of Darkness
01:08 Ziggurat
02:06 Tomb of Relics
02:07 Ziggurat
04:00 Halls of the Dead
05:14 Crypt
05:15 Ziggurat
06:40 Spirit Tower
09:41 Slaughterhouse
10:04 Black Citadel
11:10 Sacrificial Pit
11:11 Ziggurat
12:47 Boneyard
15:07 Necropolis
15:10 Ziggurat
16:55 Ziggurat
23:50 Ziggurat
24:07 Spirit Tower
24:10 Spirit Tower
» items
| Rod of Necromancy | 3 | |
| Scroll of Town Portal | 3 | |
| Potion of Lesser Invulnerability | 1 | |
| Orb of Corruption | 1 | |
| Orb of Venom | 1 | |
| Potion of Healing | 1 | |
10 total
Chat log
(00:07 / All) xenakis: poor dreamcast :"(
(00:17 / All) NOias: XERXES
(00:23 / All) xenakis: yeah
(00:27 / All) NOias: WE R SPARTA!
(00:28 / All) Shenmue: dreamcast2 comes out next year
(00:34 / All) xenakis: what!!!!!
(00:41 / All) xenakis: whats gonna be on it
(00:48 / All) Shenmue: just kidding
(00:55 / All) xenakis: :( fooled again...
(00:58 / Allies) HOTPEPPER: coime
(01:08 / Allies) Shenmue: fuck i built 2
(01:39 / Allies) Ze.Rath3isaFaig: whpa
(01:44 / Allies) Ze.Rath3isaFaig: IM HERE
(01:54 / Allies) Ze.Rath3isaFaig: cc level 2 lets go middle then hit
(01:57 / Allies) HOTPEPPER: come
(02:01 / Allies) Ze.Rath3isaFaig: lol wtf
(02:07 / Allies) Ze.Rath3isaFaig: oph wow nice
(02:09 / Allies) Ze.Rath3isaFaig: need some resourceS?
(02:22 / Allies) HOTPEPPER: ya
(02:31 / Allies) Ze.Rath3isaFaig: lol game over
(02:36 / Allies) Ze.Rath3isaFaig: how the fuck did you do that
(03:02 / Allies) Ze.Rath3isaFaig: lol fuckign awesome
(03:22 / All) Ze.Rath3isaFaig: rofl
(03:43 / Allies) Ze.Rath3isaFaig: get more peasants
(04:40 / Allies) Ze.Rath3isaFaig: rum red
(04:48 / Allies) Shenmue: tower
(04:49 / Allies) Shenmue: quick
(05:06 / Allies) Ze.Rath3isaFaig: we take middle then hit teal
(05:07 / Allies) Ze.Rath3isaFaig: they are weak
(05:15 / Allies) Ze.Rath3isaFaig: jsut tower yellow we'll be ok
(05:18 / Allies) Ze.Rath3isaFaig: fuck
(05:18 / Allies) Shenmue: tp
(05:30 / Allies) Shenmue: green help him
(05:31 / Allies) Ze.Rath3isaFaig: goign to tp
(05:56 / Allies) Ze.Rath3isaFaig: tp asap red or i'm fucked
(06:32 / Allies) Ze.Rath3isaFaig: gj
(07:31 / Allies) Ze.Rath3isaFaig: out fo rnow
(07:58 / Allies) Ze.Rath3isaFaig: back up
(07:59 / Allies) Shenmue: tech
(08:10 / Allies) Ze.Rath3isaFaig: we need to cc and take middle
(08:12 / Allies) Ze.Rath3isaFaig: then we can go back
(08:24 / Allies) Shenmue: i got gaygoyles
(08:34 / Allies) Ze.Rath3isaFaig: oiut
(08:34 / Allies) Ze.Rath3isaFaig: out
(08:36 / Allies) Ze.Rath3isaFaig: get back dude
(08:44 / Allies) Shenmue: GREEN GET OUT
(09:19 / Allies) Ze.Rath3isaFaig: red lets tak emiddle now
(09:46 / Allies) Ze.Rath3isaFaig: come
(09:50 / Allies) Ze.Rath3isaFaig: cc with us then we hit teal
(11:18 / Allies) Ze.Rath3isaFaig: go tp then counter
(11:25 / Allies) Ze.Rath3isaFaig: nm just walk
(11:33 / Allies) Ze.Rath3isaFaig: green tp in please
(12:07 / Allies) pdhwl1: back pink and yellow
(12:30 / Allies) Ze.Rath3isaFaig: wow wtf is red at
(12:32 / Allies) Ze.Rath3isaFaig: mother fucker
(12:41 / Allies) Ze.Rath3isaFaig: wtf are you doing
(12:42 / Allies) Ze.Rath3isaFaig: get over hre
(12:51 / Allies) Shenmue: i got this
(12:57 / Allies) Ze.Rath3isaFaig: yeah nice one
(13:12 / Allies) Ze.Rath3isaFaig: meet lets go red
(14:40 / Allies) Ze.Rath3isaFaig: wtf is red at
(14:43 / Allies) Ze.Rath3isaFaig: chasing a single unit... amzing
(14:49 / Allies) Ze.Rath3isaFaig: out fo rnow
(15:04 / Allies) Ze.Rath3isaFaig: only red couldv'e fucked that one up
(15:10 / Allies) Shenmue: had to chase the bear
(15:14 / Allies) Ze.Rath3isaFaig: green
(15:16 / Allies) Ze.Rath3isaFaig: we hit purple in a second
(15:25 / Allies) pdhwl1: not purple.. teal best chance
(15:26 / Allies) Ze.Rath3isaFaig: we can main him or force tps
(15:29 / Allies) pdhwl1: purple towered
(15:31 / Allies) Ze.Rath3isaFaig: fine we tp there then
(15:51 / Allies) Ze.Rath3isaFaig: meet lets go
(16:52 / Allies) Ze.Rath3isaFaig: sec
(16:59 / Allies) Ze.Rath3isaFaig: waiting for you green
(17:06 / Allies) pdhwl1: coming
(17:28 / Allies) Shenmue: gtfo
(17:31 / Allies) Ze.Rath3isaFaig: out man wtf lol
(17:53 / Allies) Ze.Rath3isaFaig: GO
(18:05 / Allies) Ze.Rath3isaFaig: omfg amaing
(18:07 / Allies) Ze.Rath3isaFaig: WTF IS RD AT
(20:39 / All) Ze.Rath3isaFaig: maybe next time
(20:59 / All) Ze.Rath3isaFaig: and I was afk for the first few minutes lol
(21:17 / Allies) Shenmue: we need expos
(22:04 / All) Ze.Rath3isaFaig: rofl orange
(23:01 / Allies) Ze.Rath3isaFaig: coming green
(24:12 / Allies) Ze.Rath3isaFaig: lets go
(25:40 / All) xenakis: gg
(25:58 / All) mini.guy: i hate bats.
(26:03 / All) Ze.Rath3isaFaig: at level 3 armor